 Dungeon Crawl Stone Soup version 0.30-a0-165-g1891117ce2 (webtiles) character file.

Game seed: 2202513170524068905

6117 spaghetti the Covert (level 10, -2/53 HPs)
             Began as a Vine Stalker Chaos Knight on Sept 29, 2022.
             Was a Plaything of Xom.
             Slain by an ice devil (10 damage)
             ... on level 9 of the Dungeon.
             The game lasted 00:12:12 (6391 turns).

spaghetti the Covert (Vine Stalker Chaos Knight)    Turns: 6391, Time: 00:12:13

Health: -2/53      AC: 12    Str: 16      XL:     10   Next: 89%
Magic:  0/11       EV:  7    Int: 11 (12) God:    Xom [......]
Gold:   505        SH:  0    Dex: 17      Spells: 9/9 levels left

rFire   . . .      SeeInvis .    l - +4 demon whip (spect) {mace}
rCold   . . .      Faith    .    (no shield)
rNeg    . . .      Spirit   +    o - +0 plate armour
rPois   +          Reflect  .    (helmet restricted)
rElec   .          Harm     .    (no cloak)
rCorr   .          Rampage  .    (no gloves)
Will    +....                    (no boots)
Stlth   ..........               d - amulet of regeneration {@e2}
HPRegen 1.77/turn                (no ring)
MPRegen 0.12/turn                (no ring)

@: about to teleport, spiked
A: fangs 3, regeneration 1, magic shield, antimagic bite, no potion heal 2,
horns 1, poison resistance, screaming 1, MP-powered wands
a: Renounce Religion


You were on level 9 of the Dungeon.
You worshipped Xom.
You were a very special plaything of Xom.
You visited 1 branch of the dungeon, and saw 9 of its levels.

You collected 505 gold pieces.


Innate Abilities, Weirdness & Mutations

You have razor-sharp teeth.
Your natural rate of healing is unusually fast.
When hurt, damage is shared between your health and your magic reserves.
Your bite disrupts and absorbs the magic of your enemies.
Potions cannot restore your health.
You have a pair of small horns on your head.
Your system is resistant to poisons. (rPois)
You occasionally shout uncontrollably at your foes.
You expend magic power (3 MP) to strengthen your wands.


   Skills:
 + Level 6.3 Fighting
 - Level 2.6 Short Blades
 * Level 8.4 Maces & Flails
 + Level 5.6 Armour
 + Level 5.6 Dodging
 + Level 8.8 Stealth


You had 9 spell levels left.
You didn't know any spells.
Your spell library contained the following spells:

 Spells                   Type           Power      Damage    Failure   Level
 Freeze                   Ice            0%         1d3       100%        1
 Magic Dart               Conj           0%         1d3       100%        1
 Sandblast                Erth           0%         2d4       100%        1
 Call Imp                 Summ           0%         N/A       100%        2
 Passwall                 Tmut/Erth      0%         N/A       100%        2
 Dazzling Flash           Conj/Hex       0%         N/A       100%        3
 Frozen Ramparts          Ice            0%         1d1       100%        3
 Hailstorm                Conj/Ice       0%         3d3       100%        3
 Mephitic Cloud           Conj/Pois/Air  0%         N/A       100%        3
 Stone Arrow              Conj/Erth      0%         3d7       100%        3
 Iskenderun's Mystic Bla  Conj/Tloc      0%         2d3       100%        4
 Starburst                Conj/Fire      0%         6d3       100%        6

Inventory:

Hand Weapons
 a - a +0 short sword of chaos {short}
 l - a +4 spectral demon whip (weapon) {mace}
   (You found it on level 1 of the Dungeon)
 y - a +0 shortbow {bow}
   (Xom gifted it to you on level 4 of the Dungeon)
 F - the +0 spear of Revolt {freeze, *Rage Will+ Str+5, polearm}
   (You found it on level 8 of the Dungeon)

   It freezes those it strikes, dealing additional cold damage.
   It can also slow down cold-blooded creatures.
   Str:       It affects your strength (+5).
   *Rage:     It berserks you when you make melee attacks (+20% chance).
   Will:      It increases your willpower.
Missiles
 g - 93 stones {throwing}
 p - 17 poisoned darts {throwing}
 x - a curare-tipped dart {=fthrowing}
 A - 6 atropa-tipped darts {throwing}
 D - 2 throwing nets {=f!fthrowing}
Armour
 b - a +2 leather armour
 o - a +0 plate armour (worn)
   (You found it on level 2 of the Dungeon)
 r - a +0 helmet
   (You took it off Robin on level 3 of the Dungeon)
Jewellery
 d - an amulet of regeneration (around neck) {@e2}
   (You found it on level 1 of the Dungeon)
 z - a ring of positive energy
   (You found it on level 7 of the Dungeon)
Wands
 v - a wand of flame (22)
   (You found it on level 5 of the Dungeon)
 w - a wand of polymorph (7)
   (You found it on level 4 of the Dungeon)
 C - a wand of charming (1)
   (You found it on level 8 of the Dungeon)
 E - a wand of digging (6)
   (You found it on level 8 of the Dungeon)
Scrolls
 f - a scroll of magic mapping {!r}
 k - 5 scrolls of teleportation {@r4}
 q - a scroll of immolation {!r!r}
 t - 5 scrolls of vulnerability {!r!r}
 H - a scroll of torment {!r}
Potions
 e - 4 potions of heal wounds {@q2}
 h - 4 potions of flight
 i - 6 potions of curing {@q1}
 j - a potion of ambrosia
 m - a potion of brilliance
 n - 2 potions of attraction {!q}
 s - 2 potions of mutation {!q}
 u - a potion of magic
 G - a potion of haste {unknown}
Miscellaneous
 c - a piece from Xom's chessboard (15/15) (quivered)

Dungeon Overview and Level Annotations

Branches:
Dungeon (9/15) Zot: 26642  Temple (0/1) D:4             Orc (0/2) D:9
   Lair: D:8-11

Altars:
Gozag
Hepliaklqana
Okawaru
Trog
Xom

#P..P... #..~~.~.#
...~~~~.. #
#.~~~..#######
#.#โ™ฃ..~~........
.....~โ™ฃ...$.....
......54.......
#..ยง@.......
#...........
##'######### #...#
###.# #.# ##### #.#
#...# #. #.#
###.#.# #.########
##'##########.'.#.#


You could see an ice devil and a quasit.


Message History

There is an open door here. ๐Ÿ˜• HP[-8] MP[-1]
You take 8 damage, and now have 45/53 hp.
You lost 1 mp, and now have 10/11 mp.
You are too injured to fight recklessly!
You are too injured to fight recklessly!
You are too injured to fight recklessly!
You are too injured to fight recklessly!
You are too injured to fight recklessly!
Unknown command.
You are too injured to fight recklessly!
The barbs in your skin will harm you if you move.
Continue? [Y]es or [N]o only, please.
The barbs in your skin will harm you if you move.
Continue?
An ice devil comes into view.
The barbed spikes dig painfully into your body as you move.
The red devil hits you with a +1 vampiric trident!
Barbed spikes become lodged in your body. ๐Ÿ˜ฎ HP[-12] MP[-2]
You take 12 damage, and now have 33/53 hp.
MASSIVE DAMAGE!! (PAUSE)
You lost 2 mp, and now have 8/11 mp.
Unknown command.
You whack the red devil!
Your +4 spectral demon whip {mace} hits the red devil.
The red devil hits you with a +1 vampiric trident!
Barbed spikes become lodged in your body. ๐Ÿ˜ฎ HP[-5] MP[-2]
You take 5 damage, and now have 28/53 hp.
You lost 2 mp, and now have 6/11 mp.
You completely miss the red devil.
Your +4 spectral demon whip {mace} closely misses the red devil.
A quasit comes into view.
The red devil hits you with a +1 vampiric trident!
* * * LOW HITPOINT WARNING * * *
Barbed spikes become lodged in your body.
The red devil draws strength from your wounds! ๐Ÿ˜จ HP[-8] MP[-2]
You take 8 damage, and now have 20/53 hp.
You lost 2 mp, and now have 4/11 mp.
You barely miss the red devil. You headbutt the red devil.
You bite the red devil! You drain its power.
You feel invigorated.
Your +4 spectral demon whip {mace} closely misses the red devil. ๐Ÿ˜จ HP[+2] MP[+7]
You regained 2 hp, and now have 22/53 hp.
Your mp is fully restored (11).
You hit the red devil.
Your +4 spectral demon whip {mace} hits the red devil!
You kill the red devil! ๐Ÿ˜จ HP[+1]
The barbed spikes dig painfully into your body as you move.
* * * LOW HITPOINT WARNING * * *
๐Ÿ˜จ HP[-2] MP[-1]
You take 2 damage, and now have 21/53 hp.
You lost 1 mp, and now have 10/11 mp.
Unknown command.
You hit the ice devil but do no damage.
You bite the ice devil, but do no damage.
Your +4 spectral demon whip {mace} hits the ice devil but does no damage.
The ice devil barely misses you. ๐Ÿ˜จ HP[+1]
You hit the ice devil.
Your +4 spectral demon whip {mace} hits the ice devil.
The quasit bites you but does no damage.
The quasit completely misses you. The quasit claws you.
* * * LOW HITPOINT WARNING * * *
๐Ÿ˜จ MP[-1]
You lost 1 mp, and now have 9/11 mp.
You hit the ice devil.
You bite the ice devil, but do no damage.
Your +4 spectral demon whip {mace} hits the ice devil.
The ice devil barely misses you. ๐Ÿ˜จ HP[+1]
You hit the ice devil.
You bite the ice devil, but do no damage.
Your +4 spectral demon whip {mace} hits the ice devil!
The quasit bites you but does no damage.
The quasit claws you but does no damage.
The quasit completely misses you. The ice devil hits you.
* * * LOW HITPOINT WARNING * * *
The ice devil freezes you!
* * * LOW HITPOINT WARNING * * *
๐Ÿ˜ฑ HP[-15] MP[-7]
You take 15 damage, and now have 8/53 hp.
MASSIVE DAMAGE!! (PAUSE)
You lost 7 mp, and now have 2/11 mp.
Unknown command.
Okay, then.
Okay, then.
As you read the scroll of teleportation {@r4}, it crumbles to dust.
You feel strangely unstable.
The quasit bites you but does no damage.
The quasit claws you but does no damage. x2
The quasit bites you. The quasit barely misses you.
The quasit claws you but does no damage.
The ice devil hits you.
* * * LOW HITPOINT WARNING * * *
The ice devil freezes you!
You die...
Xom giggles madly!

Skill      XL: |  1  2  3  4  5  6  7  8  9 10 |
---------------+-------------------------------+-----
Dodging        | 1 2 3 4 5 |  5.6
Stealth        | 1 2 3 4 6 7 8 |  8.8
Maces & Flails | 1 2 3 4 5 7 8 |  8.4
Armour         | 2 3 4 5 |  5.6
Fighting       | 3 4 5 6 |  6.3
Short Blades   | |  2.6

Action                   |  1- 3 |  4- 6 |  7- 9 | 10-12 || total
-------------------------+-------+-------+-------+-------++-------
Melee: Short sword       |    71 |       |       |       ||    71
       Bite              |    17 |    23 |    47 |    29 ||   116
       Demon whip        |    35 |    73 |   155 |    75 ||   338
       Punch             |       |     1 |     2 |       ||     3
       Headbutt          |       |       |     7 |    10 ||    17
Throw: Dart              |       |       |       |     6 ||     6
Evoke: Wand              |       |       |       |     2 ||     2
  Use: Scroll            |       |     4 |     9 |     2 ||    15
       Potion            |       |       |     6 |       ||     6
 Stab: Paralysed         |     1 |       |       |       ||     1
       Distracted        |       |       |     2 |     1 ||     3
Armor: Leather armour    |    44 |       |       |       ||    44
       Plate armour      |    12 |    80 |    89 |    48 ||   229
Dodge: Dodged            |    44 |    20 |    39 |    33 ||   136

Levels and vault maps discovered:
D:1:      minmay_arrival_loop, layout_basic, nicolae_ecumenical_snake_handling,
          minmay_misc_feat_tiny, chequers_decorated_corner
D:2:      layout_basic
D:3:      layout_basic, kennysheep_nondescript, st_stairs_8, uniq_natasha,
          uniq_robin
D:4:      layout_loops_ring, minmay_temple_entry_grid
D:5:      lemuel_ice_spiral_2, layout_rooms, nicolae_overflow_crystal_walls,
          gammafunk_temple_overflow_pools
D:6:      layout_basic, mainiacjoe_overflow_catwalk
D:7:      layout_loops_ring, serial_co_window_serial, co_window_paths_b,
          co_window_corner_a, co_window_paths_b, co_window_paths_b,
          co_window_corner_a, co_window_corner_cb, co_window_broadway_a,
          co_window_cross_2, co_window_of_opportunity_b,
          co_window_of_opportunity_c, glass_columns_b,
          kennysheep_generic_room_8, uniq_pikel
D:8:      layout_gridville, roderic_batcave, minmay_misc_feat_ornament,
          hex_medium, kennysheep_just_a_vault, uniq_psyche
D:9:      layout_roguey, david_orc_2, serial_demonic, serial_demonic_f,
          serial_demonic_b, serial_demonic_f, serial_demonic_e

Notes
Turn   | Place    | Note
-------+----------+-------------------------------------------
     0 | D:1      | spaghetti the Vine Stalker Chaos Knight began the quest for
                  | the Orb.
     0 | D:1      | Reached XP level 1. HP: 11/11 MP: 2/2
     0 | D:1      | magus.rc [v1.9.6]
    72 | D:1      | Found a faded altar of an unknown god.
    77 | D:1      | Reached skill level 1 in Dodging
    86 | D:1      | Reached skill level 1 in Stealth
    95 | D:1      | Reached XP level 2. HP: 16/16 MP: 0/3
   247 | D:1      | You pick up a book of Minor Magic and begin reading...
   247 | D:1      | You add the spells Magic Dart, Call Imp and Mephitic Cloud
                  | to your library.
   342 | D:1      | Reached skill level 2 in Stealth
   394 | D:1      | Reached XP level 3. HP: 19/19 MP: 2/4
   516 | D:1      | XOM: divination: detect items
   599 | D:1      | XOM: scenery: summon butterflies
   679 | D:1      | XOM: god gift: 33 gold pieces
   877 | D:2      | XOM: enchant monster (good)
  1109 | D:2      | Reached skill level 1 in Maces & Flails
  1154 | D:2      | Reached skill level 2 in Dodging
  1154 | D:2      | Gained mutation: Your natural rate of healing is unusually
                  | fast. [Vine Stalker growth]
  1154 | D:2      | Reached XP level 4. HP: 23/23 MP: 5/5
  1540 | D:3      | Noticed Natasha
  1549 | D:3      | Killed Natasha
  1550 | D:3      | Reached skill level 3 in Stealth
  1565 | D:3      | Noticed Robin
  1586 | D:3      | XOM: polymorph goblin -> kobold
  1595 | D:3      | Reached XP level 5. HP: 26/27 MP: 6/6
  1597 | D:3      | Killed Robin
  1646 | D:3      | Noticed Natasha
  1653 | D:3      | Killed Natasha
  1654 | D:3      | Reached skill level 2 in Maces & Flails
  1654 | D:3      | Reached skill level 2 in Armour
  1667 | D:3      | Noticed Natasha
  1671 | D:3      | Killed Natasha
  1811 | D:3      | You pick up a book of Geomancy and begin reading...
  1811 | D:3      | You add the spells Sandblast, Passwall and Stone Arrow to
                  | your library.
  2269 | D:4      | Found a staircase to the Ecumenical Temple.
  2274 | D:4      | Reached XP level 6. HP: 32/32 MP: 7/7
  2284 | D:4      | Noticed a black bear
  2292 | D:4      | Killed a black bear
  2293 | D:4      | Reached skill level 3 in Fighting
  2293 | D:4      | Reached skill level 4 in Stealth
  2345 | D:4      | Reached skill level 3 in Maces & Flails
  2391 | D:4      | Noticed an ice beast
  2397 | D:4      | Killed an ice beast
  2398 | D:4      | Reached XP level 7. HP: 36/36 MP: 8/8
  2567 | D:4      | XOM: god gift: shortbow {god gift}
  2931 | D:5      | Entered Level 5 of the Dungeon
  3015 | D:5      | Found a bloodstained altar of Trog.
  3109 | D:5      | Reached skill level 3 in Dodging
  3254 | D:5      | Found an opulent altar of Gozag.
  3254 | D:5      | Found an iron altar of Okawaru.
  3441 | D:6      | Reached skill level 4 in Maces & Flails
  3441 | D:6      | Reached skill level 3 in Armour
  3462 | D:6      | You pick up a book of Frost and begin reading...
  3462 | D:6      | You add the spells Freeze, Frozen Ramparts and Hailstorm to
                  | your library.
  3470 | D:6      | XOM: enchant monster (bad)
  3533 | D:6      | Found a hazy altar of Hepliaklqana.
  3585 | D:6      | Gained mutation: You have hidden genetic potential. [potion
                  | of mutation]
  3585 | D:6      | Gained mutation: Your system is resistant to poisons.
                  | (rPois) [potion of mutation]
  3599 | D:6      | Gained mutation: You have razor-sharp teeth. [Vine Stalker
                  | growth]
  3599 | D:6      | Reached XP level 8. HP: 42/42 MP: 9/9
  3601 | D:6      | Reached skill level 5 in Stealth
  3660 | D:6      | XOM: cast spell 'Cause Fear'
  3682 | D:6      | Reached skill level 4 in Fighting
  3725 | D:6      | Reached skill level 5 in Maces & Flails
  3742 | D:6      | Gained mutation: A frigid envelope surrounds you and
                  | freezes all who hurt you. [hidden potential]
  3787 | D:6      | XOM: divination: detect items
  3860 | D:6      | XOM: give mutation
  3860 | D:6      | Gained mutation: You are frail. (-10% HP) [Xom's mischief]
  4044 | D:7      | XOM: summons friendly crimson imp
  4068 | D:7      | Reached skill level 6 in Stealth
  4088 | D:7      | Noticed Pikel
  4090 | D:7      | Pikel changed into Pikel the water moccasin
  4090 | D:7      | Noticed Pikel
  4090 | D:7      | XOM: polymorph Pikel -> Pikel the water moccasin
  4094 | D:7      | Killed Pikel the water moccasin
  4095 | D:7      | Reached skill level 4 in Armour
  4095 | D:7      | Reached skill level 4 in Dodging
  4095 | D:7      | Reached XP level 9. HP: 41/41 MP: 10/10
  4125 | D:7      | Reached skill level 6 in Maces & Flails
  4286 | D:7      | You pick up a book of Spectacle and begin reading...
  4286 | D:7      | You add the spells Dazzling Flash, Iskenderun's Mystic
                  | Blast and Starburst to your library.
  4321 | D:7      | XOM: smoke on damage
  4474 | D:7      | Gained mutation: Your muscles are strong. (Str +4, Int/Dex
                  | -1) [hidden potential]
  4474 | D:7      | Lost mutation: You have hidden genetic potential. [hidden
                  | potential expressed]
  4535 | D:7      | XOM: summons 5 hostile demons
  4649 | D:7      | XOM: god gift: potion of mutation
  4651 | D:7      | Lost mutation: Your muscles are strong. (Str +4, Int/Dex
                  | -1) [potion of mutation]
  4651 | D:7      | Lost mutation: A frigid envelope surrounds you and freezes
                  | all who hurt you. [potion of mutation]
  4651 | D:7      | Lost mutation: You are frail. (-10% HP) [potion of
                  | mutation]
  4651 | D:7      | Gained mutation: You occasionally shout uncontrollably at
                  | your foes. [potion of mutation]
  4651 | D:7      | Gained mutation: You expend magic power (3 MP) to
                  | strengthen your wands. [potion of mutation]
  4651 | D:7      | Gained mutation: You have a pair of small horns on your
                  | head. [potion of mutation]
  4931 | D:7      | XOM: scenery: summon butterflies
  4990 | D:7      | XOM: scenery: create altars
  5035 | D:8      | Noticed a two-headed ogre
  5041 | D:8      | Killed a two-headed ogre
  5042 | D:8      | Reached skill level 5 in Fighting
  5042 | D:8      | Reached skill level 7 in Stealth
  5180 | D:8      | Reached skill level 7 in Maces & Flails
  5182 | D:8      | Reached XP level 10. HP: 50/51 MP: 11/11
  5310 | D:8      | Noticed a centaur warrior
  5310 | D:8      | XOM: 7-stop teleportation journey
  5354 | D:8      | Noticed a two-headed ogre
  5354 | D:8      | XOM: enchant monster (good)
  5356 | D:8      | Noticed a two-headed ogre
  5357 | D:8      | HP: 13/52 [two-headed ogre/+0 giant club (15)]
  5365 | D:8      | a two-headed ogre changed into a lindwurm
  5365 | D:8      | Noticed a lindwurm
  5365 | D:8      | XOM: polymorph two-headed ogre -> lindwurm
  5375 | D:8      | Reached skill level 5 in Dodging
  5382 | D:8      | Killed a two-headed ogre
  5383 | D:8      | Reached skill level 5 in Armour
  5383 | D:8      | Reached skill level 8 in Stealth
  5558 | D:8      | Noticed Psyche
  5567 | D:8      | Killed Psyche
  5607 | D:8      | Reached skill level 6 in Fighting
  5744 | D:8      | XOM: chaos upgrade
  5746 | D:8      | Killed a centaur warrior
  5747 | D:8      | Reached skill level 8 in Maces & Flails
  5863 | D:8      | Identified the +0 spear of Revolt {freeze, *Rage Will+
                  | Str+5}
  5985 | D:8      | XOM: stat loss: -1 Int (11/12)
  6041 | D:9      | XOM: stat loss: -1 Int (10/12)
  6044 | D:9      | Found a staircase to the Orcish Mines.
  6044 | D:9      | XOM: 2-stop teleportation journey
  6221 | D:9      | XOM: chaos cloud
  6390 | D:9      | HP: 8/53 [ice devil (12)]
  6391 | D:9      | Slain by an ice devil

Vanquished Creatures
  A centaur warrior (D:8)
  2 two-headed ogres (D:8)
  Psyche (D:8)
  A red devil (D:9)
  A shadow (D:9)
  3 yaks (D:8)
  2 wyverns
  2 water moccasins
  2 ice beasts
  A sky beast (D:7)
  3 black bears
  An orc warrior (D:9)
  An ogre (D:6)
  A lemure (D:7)
  4 kobold brigands
  4 bullfrogs
  A gnoll sergeant (D:8)
  2 scorpions
  4 wights (D:7)
  4 killer bees (D:8)
  2 vampire bats (D:8)
  5 hounds
  2 orc priests (D:7)
  A jelly (D:6)
  A gnoll bouda (D:8)
  An iguana (D:6)
  4 orc wizards
  Natasha (thrice) (D:3)
  Robin (D:3)
  10 gnolls
  7 adders
  2 white imps
  2 ufetubi
  2 worms
  A dart slug (D:4)
  26 orcs
  14 ball pythons
  5 endoplasms
  2 giant cockroaches (D:1)
  15 goblins
  8 hobgoblins
  6 jackals
  A quokka (D:3)
  10 bats
  2 frilled lizards
  25 kobolds
  7 rats
206 creatures vanquished.

Vanquished Creatures (collateral kills)
  A kobold (D:7)
1 creature vanquished.

Vanquished Creatures (others)
  A lindwurm (D:8)
  A demonic plant (D:9)
2 creatures vanquished.

Grand Total: 209 creatures vanquished

Table legend:
 A = Non-vault XP
 B = Vault XP
 C = Vault XP percentage of total XP
 D = Non-vault monster count
 E = Vault monster count
 F = Vault count percentage of total count
                 A         B        C        D         E       F
            +---------+---------+-------+---------+---------+-------
      Total |    6598 |    2141 |  24.5 |     170 |      37 |  17.9
            +---------+---------+-------+---------+---------+-------
        D:1 |      38 |       3 |   7.3 |      24 |       2 |   7.7
        D:2 |      49 |       0 |   0.0 |      17 |       0 |   0.0
        D:3 |     101 |      73 |  42.0 |      13 |      15 |  53.6
        D:4 |     400 |       0 |   0.0 |      17 |       0 |   0.0
        D:5 |     201 |       0 |   0.0 |      12 |       0 |   0.0
        D:6 |    1109 |       0 |   0.0 |      31 |       0 |   0.0
        D:7 |     858 |     286 |  25.0 |      20 |       2 |   9.1
        D:8 |    3316 |    1328 |  28.6 |      28 |      10 |  26.3
        D:9 |     526 |     451 |  46.2 |       8 |       8 |  50.0
            +---------+---------+-------+---------+---------+-------

Illustrated notes

Table legend:
 A = Kills in this place as a percentage of kills in entire the game.
 B = Kills by you in this place as a percentage of kills by you in the entire game.
 C = Kills by friends in this place as a percentage of kills by friends in the entire game.
 D = Other kills in this place as a percentage of other kills in the entire game.
 E = Experience gained in this place as a percentage of experience gained in the entire game.
 F = Experience gained in this place divided by the number of levels of this place that you have seen.
                   A       B       C       D       E      F
               +-------+-------+-------+-------+-------+----------------------
         Total | 100.0 | 100.0 | 100.0 | 100.0 | 100.0 | 971.0
       Dungeon | 100.0 | 100.0 | 100.0 | 100.0 | 100.0 | 971.0
               +-------+-------+-------+-------+-------+----------------------

Table legend: (Time is in decaauts)
 A = Elapsed time spent in this place.
 B = Non-inter-level travel time spent in this place.
 C = Inter-level travel time spent in this place.
 D = Time resting spent in this place.
 E = Time spent auto-exploring this place.
 F = Levels seen in this place.
 G = Mean time per level.
                   A        B        C        D        E       F      G
               +--------+--------+--------+--------+--------+-----+--------+
         Total |   6352 |   6030 |    322 |      4 |   5013 |   9 |  705.8 |
       Dungeon |   6352 |   6030 |    322 |      4 |   5013 |   9 |  705.8 |
               +--------+--------+--------+--------+--------+-----+--------+

Top non-repeatable levels by time:
     D:7: 1023 daAuts
     D:8: 971 daAuts
     D:3: 849 daAuts
     D:1: 797 daAuts
     D:4: 659 daAuts
     D:2: 630 daAuts
     D:6: 626 daAuts
     D:5: 438 daAuts
     D:9: 356 daAuts
